 Dungeon Sprint DCSS version 0.30-a0-469-g84de5afbc5 (webtiles) character file.

Game seed: 5378289867564202938

4600000 NinjaNoafa the Intangible (level 15, -24/90 HPs)
             Began as a Felid Transmuter on Dec 19, 2022.
             Was a High Priest of Makhleb.
             Annihilated by a destroyer
             ... wielding a +9 vorpal great sword
              (97 damage)
             ... in the Dungeon (Sprint VIII: "Arena of Blood").
             The game lasted 00:00:56 (46 turns).

NinjaNoafa the Intangible (Felid Transmuter)          Turns: 46, Time: 00:00:56

Health: -24/90     AC:  3    Str:  6    XL:     15   Next: 52%
Magic:  41/42      EV: 49    Int: 14    God:    Makhleb [*****.]
Gold:   0          SH:  0    Dex: 25    Spells: 57/58 levels left
                                        Lives:  0   Deaths: 2

rFire   . . .      SeeInvis +      - Unarmed
rCold   + . .      Faith    .    (shield unavailable)
rNeg    . . .      Spirit   .    (body armour unavailable)
rPois   .          Reflect  .    (helmet unavailable)
rElec   .          Harm     .    (cloak unavailable)
rCorr   .          Rampage  .    (gloves unavailable)
Will    ++...      NoTele   +    (boots unavailable)
Stlth   ++........               (no amulet)
HPRegen 0.35/turn                h - +27000 ring of slaying
MPRegen 0.28/turn                (no ring)

@: appendages, quick
A: horns 2, very small, claws 1, fangs 3, see invisible, speed 1, shaggy fur 3,
stealthy paws, no weapons or thrown items, no armour, multi-lived
a: End Transformation, Renounce Religion, Minor Destruction, Lesser Servant of
Makhleb, Major Destruction, Greater Servant of Makhleb


You were in the Dungeon.
You worshipped Makhleb.
Makhleb was extremely pleased with you.
You had temporarily grown beastly horns.
You visited 1 branch

Inventory:

Jewellery
 h - a +27000 ring of slaying (left paw)
Potions
 a - a potion of lignification
 b - a potion of curing
 c - a potion of heal wounds
 d - a potion of haste
 e - 2 potions of magic
 f - a potion of berserk rage


   Skills:
 + Level 23.9 Fighting
 O Level 27 Dodging
 + Level 24.0 Unarmed Combat
 + Level 22.2 Spellcasting
 + Level 25.8 Transmutations
 + Level 24.0 Invocations


You had 57 spell levels left.
You knew the following spells:

 Your Spells              Type           Power      Damage    Failure   Level
a - Beastly Appendage     Tmut           100%       N/A       0%          1

Your spell library contained the following spells:

 Spells                   Type           Power      Damage    Failure   Level
 Wereblood                Tmut           73%        N/A       0%          2
 Spider Form              Tmut/Pois      51%        N/A       1%          3
 Ice Form                 Ice/Tmut       51%        N/A       1%          4


Dungeon Overview and Level Annotations

Branches:
Dungeon (1/1)

Altars:
Makhleb


Innate Abilities, Weirdness & Mutations

You have temporarily grown beastly horns.
You have sharp claws.
You have razor-sharp teeth.
You have supernaturally acute eyesight. (SInv)
You cover ground quickly. (Speed+)
Your thick and shaggy fur keeps you warm. (AC +3, rC+)
Your paws help you pounce on unaware monsters.
You are incapable of wielding weapons or throwing items.
You cannot wear armour.
You gain extra lives every three experience levels.


Message History

You hear a shout!
The meat berserker rages.
You hear a shout! x3
The eight-headed meat hydra calls on the powers of darkness!
The eight-headed meat hydra convulses!
The meat berserker convulses!
The bag of meat convulses!
Your body is wracked with pain!
The meat berserker convulses! x2
You hear a shout!
The destroyer points at you and mumbles some strange words.
The destroyer blinks!
The destroyer casts a spell at you.
The destroyer blinks!
The destroyer gestures at you while chanting.
The destroyer blinks!
A bag of meat comes into view. It is wielding a +9 war axe. x2
You hear a shout!
A bag of meat comes into view. It is wielding a +9 war axe.
A meat berserker comes into view. It is wielding a +9 battleaxe.
You hear a shout!
You hear two shouts!
The meat berserker rages.
You hear a shout!
The meat berserker rages.
You hear a shout!
A bag of meat comes into view. It is wielding a +9 war axe.
The destroyer casts a spell at you.
The destroyer blinks!
A destroyer comes into view. It is wielding a +9 vorpal great sword.
A bag of meat comes into view. It is wielding a +9 war axe. x2
You hear a shout! x5
The bag of meat shouts! x2
You eviscerate the bag of meat!!!!!!!!!!!
You kill the bag of meat!
Makhleb accepts your kill.
You feel better.
You hear a shout! x9
A bag of meat comes into view. It is wielding a +9 war axe.
You hear a shout!
The destroyer hits you with a +9 vorpal great sword!!!!
Ouch! That really hurt!
You die...

.....O. o....o. O
o.o.O.. o. .......o. o..
#....Oo.# .... .#.
#....o..# ..D..
.....###..o..oO###o.....
..o....O..###..O@OOO§O..
..#§..zO...O.O.OOV....oV
#...OO..#...VO#.V.....#o
........#_.<._#O......o.
#....o..#)))).#O.....#.#
..#O.....†.OO..o........
. ........###)........#.
....###.ooO.oo###..... .
#..O.§..# .


You could see an eight-headed meat hydra, 4 destroyers, 5 large bags of meat, 10
meat berserkers and 13 bags of meat.

Vanquished Creatures
  2 vampire knights (D)
  5 ogres (D)
  10 orcs (D)
17 creatures vanquished.

Notes
Turn   | Place    | Note
-------+----------+-------------------------------------------
     0 | D        | NinjaNoafa the Felid Transmuter began the quest for the
                  | Orb.
     0 | D        | Reached XP level 1. HP: 9/9 MP: 4/4
     4 | D        | Became a worshipper of Makhleb the Destroyer
     7 | D        | Noticed a bag of meat
     7 | D        | Noticed a bag of meat
     8 | D        | Noticed a bag of meat
     8 | D        | Noticed a meat berserker
     8 | D        | Noticed a bag of meat
     9 | D        | Killed a meat berserker
     9 | D        | Noticed a bag of meat
     9 | D        | Noticed a bag of meat
     9 | D        | Noticed a bag of meat
    10 | D        | Reached skill level 16 in Dodging
    10 | D        | Reached XP level 2. HP: 23/23 MP: 3/15
    10 | D        | Reached XP level 3. HP: 27/27 MP: 3/17
    10 | D        | Reached XP level 4. HP: 31/31 MP: 3/18
    10 | D        | Reached XP level 5. HP: 34/34 MP: 3/20
    10 | D        | Gained mutation: You are covered in thick fur. (AC +2)
                  | [Felid growth]
    10 | D        | Reached XP level 6. HP: 39/39 MP: 3/21
    10 | D        | Reached XP level 7. HP: 42/42 MP: 3/23
    10 | D        | Reached XP level 8. HP: 46/46 MP: 3/24
    10 | D        | Reached XP level 9. HP: 49/49 MP: 3/25
    10 | D        | Reached XP level 10. HP: 54/54 MP: 3/26
    10 | D        | Reached XP level 11. HP: 57/57 MP: 3/27
    10 | D        | Noticed a bag of meat
    12 | D        | Killed a bag of meat
    12 | D        | Reached * piety under Makhleb
    13 | D        | Reached skill level 17 in Dodging
    13 | D        | Reached skill level 15 in Transmutations
    13 | D        | Gained mutation: Your thick and shaggy fur keeps you warm.
                  | (AC +3, rC+) [Felid growth]
    13 | D        | Reached XP level 12. HP: 63/63 MP: 2/29
    13 | D        | Killed a bag of meat
    13 | D        | Noticed a meat berserker
    14 | D        | Reached skill level 18 in Dodging
    14 | D        | Reached XP level 13. HP: 68/68 MP: 3/31
    14 | D        | Killed a bag of meat
    15 | D        | Reached skill level 15 in Fighting
    15 | D        | Reached skill level 19 in Dodging
    15 | D        | Reached skill level 15 in Unarmed Combat
    15 | D        | Reached skill level 15 in Invocations
    15 | D        | Noticed a bag of meat
    17 | D        | Killed a bag of meat
    17 | D        | Reached ** piety under Makhleb
    18 | D        | Reached skill level 20 in Dodging
    18 | D        | Killed a meat berserker
    18 | D        | Noticed a bag of meat
    18 | D        | Noticed a bag of meat
    19 | D        | Reached skill level 21 in Dodging
    19 | D        | Reached skill level 15 in Spellcasting
    19 | D        | Reached XP level 14. HP: 76/76 MP: 4/34
    19 | D        | Killed a bag of meat
    20 | D        | Reached skill level 22 in Dodging
    20 | D        | Noticed a meat berserker
    22 | D        | Noticed a destroyer
    22 | D        | Noticed a meat berserker
    23 | D        | Killed a meat berserker
    23 | D        | Reached *** piety under Makhleb
    24 | D        | Reached skill level 23 in Dodging
    24 | D        | Reached XP level 15. HP: 29/82 MP: 5/37
    24 | D        | Noticed a large bag of meat
    25 | D        | Reached skill level 24 in Dodging
    27 | D        | Reached **** piety under Makhleb
    28 | D        | Reached skill level 25 in Dodging
    29 | D        | Noticed a meat berserker
    30 | D        | Killed a meat berserker
    31 | D        | Reached skill level 26 in Dodging
    31 | D        | Reached XP level 16. HP: 90/90 MP: 6/40
    32 | D        | Noticed a meat berserker
    32 | D        | Noticed a destroyer
    32 | D        | Noticed a large bag of meat
    32 | D        | Noticed a large bag of meat
    33 | D        | Killed a destroyer
    34 | D        | Reached skill level 27 in Dodging
    34 | D        | Noticed a large bag of meat
    35 | D        | Killed a meat berserker
    35 | D        | Reached ***** piety under Makhleb
    35 | D        | Annihilated by a large bag of meat
    36 | D        | Reached XP level 15. HP: -34/87 MP: 7/40
    36 | D        | Reached XP level 16. HP: 93/93 MP: 40/42
    36 | D        | Noticed a destroyer
    36 | D        | Noticed a meat berserker
    36 | D        | Noticed a meat berserker
    36 | D        | Noticed a meat berserker
    37 | D        | Noticed a large bag of meat
    37 | D        | Noticed a meat berserker
    37 | D        | Noticed a large bag of meat
    38 | D        | Noticed a sculptor of flesh
    38 | D        | Noticed a meat berserker
    38 | D        | Noticed a large bag of meat
    39 | D        | Noticed a destroyer
    39 | D        | Noticed a large bag of meat
    40 | D        | Noticed a meat berserker
    40 | D        | Noticed a meat berserker
    40 | D        | Noticed a large bag of meat
    40 | D        | Noticed an eight-headed meat hydra
    40 | D        | Noticed a destroyer
    40 | D        | Noticed a meat berserker
    41 | D        | Noticed a destroyer
    41 | D        | Annihilated by a destroyer
    42 | D        | Reached XP level 15. HP: -148/88 MP: 40/41
    42 | D        | Noticed a meat berserker
    42 | D        | Noticed a meat berserker
    42 | D        | Noticed a destroyer
    42 | D        | Noticed an eight-headed meat hydra
    43 | D        | Killed a destroyer
    43 | D        | Noticed a meat berserker
    44 | D        | Noticed a meat berserker
    45 | D        | Noticed a destroyer
    46 | D        | Annihilated by a destroyer

Illustrated notes

Levels and vault maps discovered:
D:        meatsprint

Skill      XL: |  1  2  3  4  5  6  7  8  9 10 11 12 13 14 15 16 |
---------------+-------------------------------------------------+-----
Fighting       | 12 13 14 17 18 23 22 | 23.9
Dodging        | 16 17 18 21 23 26 27 | 27.0
Unarmed Combat | 12 13 14 17 18 24 22 | 24.0
Spellcasting   | 11 12 13 15 17 22 20 | 22.2
Transmutations | 13 15 18 20 25 23 | 25.8
Invocations    | 12 13 14 17 18 24 22 | 24.0

Action                   |  1- 3 |  4- 6 |  7- 9 | 10-12 | 13-15 | 16-18 || total
-------------------------+-------+-------+-------+-------+-------+-------++-------
Melee: Unarmed           |     1 |       |       |     2 |    12 |     2 ||    17
 Cast: Beastly Appendage |     1 |       |       |     1 |     1 |     1 ||     4
 Abil: End Transformatio |       |       |       |     1 |       |       ||     1
  Use: Scroll            |       |       |       |       |       |     1 ||     1
Dodge: Dodged            |       |       |       |       |       |     4 ||     4

Table legend: (Time is in decaauts)
 A = Elapsed time spent in this place.
 B = Non-inter-level travel time spent in this place.
 C = Inter-level travel time spent in this place.
 D = Time resting spent in this place.
 E = Time spent auto-exploring this place.
 F = Levels seen in this place.
 G = Mean time per level.
                   A        B        C        D        E       F      G
               +--------+--------+--------+--------+--------+-----+--------+
         Total |     38 |     38 |      0 |      0 |      0 |   1 |   38.0 |
       Dungeon |     38 |     38 |      0 |      0 |      0 |   1 |   38.0 |
               +--------+--------+--------+--------+--------+-----+--------+

Top non-repeatable levels by time:
       D: 38 daAuts
